[Event "*** SCC Grand Prix: Titled Tuesday Blitz"]
[Site "Chess.com"]
[Date "2020.09.08"]
[Round "6"]
[White "mishanick"]
[Black "GOGIEFF"]
[Result "0-1"]
[WhiteElo "3003"]
[BlackElo "2911"]
[TimeControl "180+1"]
[EndTime "11:08:25 PDT"]
[Termination "GOGIEFF won by resignation"]

1. d4 d5 2. c4 c6 3. Nf3 Nf6 4. Nc3 e6 5. Bg5 h6 6. Bh4 dxc4 7. e4 g5 8. Bg3 b5 9. h4 g4 10. Ne5 Bb7 11. Nxg4 Nxg4 12. Qxg4 Qxd4 13. Rd1 Qf6 14. e5 Qf5 15. Qd4 Be7 16. a4 O-O 17. axb5 cxb5 18.
Nxb5 Nc6 19. Qe3 Nb4 20. Nd4 Nc2+ 21. Nxc2 Qxc2 22. Qc3 Qa4 23. Rd6 Bd8 24. Qc1 Ba5+ 25. Ke2 c3 26. bxc3 Rac8 27. Qxh6 Be4 28. f3 Rxc3 29. Bf4 Rc2+ 30. Bd2 Bg6 31. h5 Bxd2 32. Rxd2 Rxd2+ 33. Qxd2 Bh7 34. Qg5+ Kh8 35. Qf6+ Kg8 36. h6 Qc2+ 37. Ke1 Qc1+ 38. Kf2 Qc2+ 39. Kg1 Qg6 40. Qf4 Rc8 41. Rh3 Kf8 42. Qb4+ Kg8 43. Kh2 Qf5 44. Rg3+ Kh8 45. Qh4 Qxe5 46. f4 Qd4 47.
Rg7 Rg8 48. Rxf7 a5 49. Qe7 Bf5 50. Rf8 Qxf4+ 51. Kg1 Qe3+ 52. Kh1 Qxh6+ 53. Kg1 Rxf8 0-1

[Event "*** SCC Grand Prix: Titled Tuesday Blitz"]
[Site "Chess.com"]
[Date "2020.09.08"]
[Round "6"]
[White "fireheart92"]
[Black "ASVZ"]
[Result "1-0"]
[WhiteElo "2851"]
[BlackElo "2518"]
[TimeControl "180+1"]
[EndTime "11:08:25 PDT"]
[Termination "fireheart92 won by resignation"]

1. f4 g6 2. Nf3 Bg7 3. e4 c5 4. Be2 Nc6 5. O-O e6 6. c3 Nge7 7. d4 cxd4 8. cxd4 d5 9. e5 Nf5 10. g4 Nh4 11. Nxh4 Qxh4 12. Be3 Qe7 13. Nd2 h5 14. g5 Bd7 15. Rc1 Qb4 16. Qb3 Bf8 17. Qxb4 Bxb4 18. Nb3 b6 19. Ba6 Rb8 20. a3 Be7 21.
Bd3 Kd8 22. Rc3 Na5 23. Nd2 Rc8 24. Rfc1 Rxc3 25. Rxc3 Nc6 26. Kf2 Kc7 27. Ba6 Rb8 28. Bd3 Kb7 29. b4 Rc8 30. Nb1 a5 31. b5 Na7 32. a4 Rxc3 33. Nxc3 Bb4 34. Ne2 Nc8 35. Ng3 Ne7 36. Ke2 Be8 37. Bd2 Ba3 38. Bc3 Bd7 39. Kd2 Kc7 40. Kc2 Kb7 41. Ne2 Kc7 42.
Kb3 Bb4 43. Bxb4 axb4 44. Kxb4 Kb7 45. a5 bxa5+ 46. Kxa5 Nc8 47. Nc3 Na7 48. Na4 Nc8 49. Nc5+ Kc7 50. Na6+ Kb7 51. Nc5+ Kc7 52. Nxd7 Kxd7 53.
b6 Kc6 54. Bb5+ Kb7 55. Ba6+ Kb8 56. Bxc8 Kxc8 57. Ka6 Kb8 58. b7 h4 59. h3 f5 60.
exf6 1-0

[Event "*** SCC Grand Prix: Titled Tuesday Blitz"]
[Site "Chess.com"]
[Date "2020.09.08"]
[Round "6"]
[White "anon481216"]
[Black "MariaFominykh"]
[Result "1/2-1/2"]
[WhiteElo "2448"]
[BlackElo "2344"]
[TimeControl "180+1"]
[EndTime "11:08:26 PDT"]
[Termination "Game drawn by repetition"]

1. d4 Nf6 2. c4 g6 3. Nc3 Bg7 4. e4 d6 5. Be2 O-O 6. Bg5 c5 7. d5 e6 8. Qd2 exd5 9. exd5 Bf5 10. Nf3 Re8 11. O-O Na6 12. Nh4 Bd7 13. Bd3 Nb4 14. Bb1 Qe7 15. a3 Na6 16. Bd3 Nc7 17.
Rfe1 Qf8 18. Qf4 Nh5 19. Qf3 f5 20. g3 Rxe1+ 21. Rxe1 Re8 22. Rb1 Nf6 23. h3 a6 24.
a4 Qf7 25. a5 Nh5 26. Bd2 Bf6 27. Ng2 Bd4 28. Kf1 Nf6 29. Ne2 Ne4 30. Bxe4 fxe4 31. Qxf7+ Kxf7 32. g4 Bg7 33. b4 cxb4 34. Bxb4 Be5 35.
Bc3 Bc8 36. Ne3 Na8 37. Bxe5 Rxe5 38. Kg2 Re7 39. Nd4 Rc7 40. Kg3 Rc5 41. Ra1 b6 42. axb6 Nxb6 43. Rc1 a5 44. Kf4 Ba6 45. Kxe4 Nxc4 46.
Nxc4 Bxc4 47. Rb1 Bxd5+ 48. Kf4 a4 49. Ra1 Rc4 50. Ke3 Rc3+ 51. Kd2 Rc4 52. Kd3 Rb4 53. Kc3 Rc4+ 54. Kd3 Rb4 55. Kc3 Rc4+ 56. Kd3 1/2-1/2

[Event "*** SCC Grand Prix: Titled Tuesday Blitz"]
[Site "Chess.com"]
[Date "2020.09.08"]
[Round "6"]
[White "latixxa"]
[Black "Nara_Kh"]
[Result "1-0"]
[WhiteElo "2161"]
[BlackElo "2391"]
[TimeControl "180+1"]
[EndTime "11:08:26 PDT"]
[Termination "latixxa won by checkmate"]

1. c4 e5 2. Nc3 Bb4 3. Nf3 d6 4.
Nd5 Bc5 5. e3 c6 6. Nc3 Nf6 7.
d4 exd4 8. exd4 Bb4 9. Bd3 O-O 10.
O-O d5 11. h3 Na6 12. a3 Bd6 13. Bg5 Nc7 14. Rc1 dxc4 15. Bxc4 Bf5 16. d5 b5 17. Bb3 c5 18. Re1 h6 19. Be3 a6 20.
Qd2 Qd7 21. Bf4 Rfe8 22. Rcd1 Ne4 23. Nxe4 Bxe4 24. Bxh6 gxh6 25. Qxh6 Bf8 26. Qg5+ Bg7 27. Nh4 c4 28. Ba2 Nxd5 29. Rxe4 Rxe4 30. Rxd5 Re1+ 31. Kh2 Qc7+ 32. g3 Kf8 33. Nf5 Bxb2 34. Qd2 Re5 35.
Qxb2 c3 36. Qb3 Kg8 37. Rxe5 c2 38. Re1 Rf8 39. Rc1 Qc5 40. Qd3 Qe5 41. Kh1 Qf6 42. Rxc2 Qg5 43. Re2 Qh5 44. Kh2 Qg5 45. Qe3 Qh5 46.
g4 Qg6 47. Qf3 Qf6 48. Bb1 Qg5 49. Qg3 Qc1 50. f4 Qc4 51. Rg2 Qc1 52. Qh4 Qxb1 53.
Qg5+ Kh7 54. Qg7# 1-0

[Event "*** SCC Grand Prix: Titled Tuesday Blitz"]
[Site "Chess.com"]
[Date "2020.09.08"]
[Round "6"]
[White "UCantHandleDenker"]
[Black "BocharovD"]
[Result "0-1"]
[WhiteElo "2599"]
[BlackElo "2796"]
[TimeControl "180+1"]
[EndTime "11:08:27 PDT"]
[Termination "BocharovD won on time"]

1. Nf3 c5 2. g3 g6 3. Bg2 Bg7 4. O-O Nc6 5. d3 e5 6. Nbd2 Nge7 7.
e4 O-O 8. c3 h6 9. a3 d5 10. b4 c4 11. dxc4 dxe4 12. Nxe4 f5 13. Nd6 e4 14. Ne1 Bxc3 15. Bxh6 Bxa1 16. Qxa1 Rf7 17. Nxf7 Kxf7 18. Qg7+ Ke6 19. Nc2 Qd3 20.
Ne3 Qd4 21. Qf8 Qf6 22. Qe8 Qf7 23. Qh8 Qf6 24. Qe8 Qf7 25. Qh8 Qf6 26. Bg7 Qf7 27. Ba1 Qg8 28. Qf6+ Kd7 29. Rd1+ Ke8 30. Nd5 Nxd5 31.
Rxd5 Qf7 32. Qh8+ Qf8 33. Qh7 Qf7 34. Qh8+ Qf8 35. Qc3 Be6 36. Rd1 Rd8 37. Rxd8+ Nxd8 38. c5 Qe7 39. Bf1 Nc6 40. b5 Nd8 41. a4 Bd5 42. a5 Kd7 43. a6 bxa6 44. c6+ Kc8 45. Qd4 Bf7 46. Bc3 Be8 47. Ba5 axb5 48. Bxb5 Nxc6 49. Qc4 Qd6 50. Bc3 Kb7 51. Qb3 Kc7 52. Bc4 Qc5 53.
Qa2 a5 0-1

[Event "*** SCC Grand Prix: Titled Tuesday Blitz"]
[Site "Chess.com"]
[Date "2020.09.08"]
[Round "6"]
[White "Iskusnyh"]
[Black "Ole83"]
[Result "1-0"]
[WhiteElo "2581"]
[BlackElo "2352"]
[TimeControl "180+1"]
[EndTime "11:08:27 PDT"]
[Termination "Iskusnyh won by checkmate"]

1. d4 Nf6 2. c4 g6 3. g3 Bg7 4. Bg2 O-O 5. Nc3 d6 6. Nf3 Nbd7 7. O-O e5 8. e4 exd4 9. Nxd4 Re8 10. h3 a6 11. Be3 Rb8 12. Rc1 c5 13. Nde2 Ne5 14. b3 b5 15. f4 Ned7 16. Qxd6 Rb6 17. Qd3 Rbe6 18. e5 b4 19. Nd5 Nxe5 20. fxe5 Rxe5 21.
Bxc5 Rxe2 22. Ne7+ Qxe7 23. Bxe7 R8xe7 24. Rxf6 Bxf6 25. Qd8+ Kg7 26. Qxc8 Rxa2 27. Qc6 Ree2 28. c5 a5 29. Kh1 Rad2 30. Rf1 Re6 31. Qb7 Re7 32.
Qc6 Re6 33. Qb7 Re7 34. Qf3 Bc3 35. c6 f5 36. Qf4 Ree2 37. Qf3 Be5 38. Rc1 Bc7 39. h4 Rf2 40. Qe3 Rde2 41. Qd4+ Kh6 42. Rg1 Rd2 43. Qf6 Bb6 44. Qg5+ Kg7 45. Qe7+ Kh6 46.
c7 Rc2 47. Qg5+ Kg7 48. Qe7+ Kh6 49. Qf8+ Kh5 50. g4+ fxg4 51. c8=Q Bc7 52. Qxc7 Rxc7 53. Qd8 Rc5 54. Qe7 Rcf5 55. Qxh7# 1-0

[Event "*** SCC Grand Prix: Titled Tuesday Blitz"]
[Site "Chess.com"]
[Date "2020.09.08"]
[Round "6"]
[White "Ba_clbaf_osed_ingo_3v21"]
[Black "NotFischer"]
[Result "1-0"]
[WhiteElo "2535"]
[BlackElo "2247"]
[TimeControl "180+1"]
[EndTime "11:08:28 PDT"]
[Termination "Ba_clbaf_osed_ingo_3v21 won by resignation"]

1. Nf3 g6 2. c4 Bg7 3. d4 d6 4. e4 Nc6 5. h3 Nf6 6. Nc3 e5 7.
dxe5 Nxe5 8. Nxe5 dxe5 9. Qxd8+ Kxd8 10. Bg5 c6 11. f4 h6 12. Bh4 exf4 13. e5 Re8 14.
O-O-O+ Kc7 15. exf6 Bf8 16. Bf2 g5 17. Be2 Bb4 18. Bg4 Bxc3 19. bxc3 Be6 20. Bxe6 Rxe6 21. Rhe1 Rae8 22. c5 h5 23. Rxe6 Rxe6 24. Bd4 g4 25. hxg4 hxg4 26. Kd2 f3 27. gxf3 gxf3 28. Re1 f2 29. Bxf2 Rxf6 30. Bh4 Rf5 31. Re7+ Kc8 32. Kd3 Rxc5 33. Rxf7 Ra5 34. Rf2 b5 35. Bf6 Kb7 36.
Bd4 Ra3 37. Bc5 Ra4 38. Rf7+ Kb8 39. a3 a5 40. Rf8+ Kb7 41. Rf7+ Kb8 42. Re7 Rc4 43. Bd6+ Kc8 44. Re4 Kd7 45. Bf8 Rxe4 46. Kxe4 Kc7 47. Bc5 Kb7 48. Ke5 Ka6 49. Kd6 b4 50. cxb4 axb4 51.
axb4 Kb5 52. Kc7 Ka6 53. Kb8 Kb5 54. Kb7 Kc4 55. Kxc6 Kd3 56. b5 Kc4 57. b6 1-0

[Event "*** SCC Grand Prix: Titled Tuesday Blitz"]
[Site "Chess.com"]
[Date "2020.09.08"]
[Round "6"]
[White "Misticpikachu"]
[Black "Olga_Girya"]
[Result "1-0"]
[WhiteElo "2289"]
[BlackElo "2480"]
[TimeControl "180+1"]
[EndTime "11:08:29 PDT"]
[Termination "Misticpikachu won by resignation"]

1. c4 c6 2. Nf3 d5 3. e3 Nf6 4. Nc3 e6 5. b3 Bd6 6. Bb2 O-O 7. Qc2 e5 8. cxd5 cxd5 9. Nb5 Nc6 10. Nxd6 Qxd6 11.
a3 Bg4 12. Be2 Rac8 13. Qd1 d4 14. Nxd4 Nxd4 15. exd4 Bxe2 16. Qxe2 exd4 17. O-O Rc2 18. Rab1 d3 19. Qf3 Qd5 20. Qe3 Ne4 21. Rfd1 Nc5 22. b4 Ne6 23. Bc3 b6 24. a4 Rc8 25. a5 Qb5 26. axb6 axb6 27. Ra1 h6 28. Ra7 Rc4 29. Ra8+ Kh7 30. Qxd3+ g6 31. Qxc2 Nd4 32. Qb2 Qh5 33. Re1 Nf3+ 34. gxf3 Rg4+ 35. fxg4 Qxg4+ 36. Kf1 Qh3+ 37.
Ke2 Qg4+ 38. Kd3 Qf5+ 39. Re4 Qf3+ 40. Re3 Qxa8 41. Be5 Qd5+ 42. Qd4 Qb3+ 43. Ke2 Qe6 44. Qd8 Qg4+ 45. Kd3 Qf5+ 46. Kc3 g5 47. Qh8+ Kg6 48.
Qg7+ Kh5 49. Qf6 Qc8+ 50. Kb2 Qd7 51. Bc3 Qg4 52. Qf3 1-0

[Event "*** SCC Grand Prix: Titled Tuesday Blitz"]
[Site "Chess.com"]
[Date "2020.09.08"]
[Round "6"]
[White "MikaelyanArman"]
[Black "ArjunErigaisi2003"]
[Result "1-0"]
[WhiteElo "2759"]
[BlackElo "3031"]
[TimeControl "180+1"]
[EndTime "11:08:30 PDT"]
[Termination "MikaelyanArman won by resignation"]

1. d4 e6 2. c4 d5 3. Nf3 Nf6 4. Nc3 c6 5. Bg5 dxc4 6. e4 b5 7.
e5 h6 8. Bh4 g5 9. Nxg5 hxg5 10. Bxg5 Nbd7 11. g3 Bb7 12. exf6 Qb6 13. Bg2 O-O-O 14.
O-O c5 15. d5 b4 16. Rb1 Qa6 17. dxe6 Bxg2 18. e7 Bxe7 19. fxe7 Rdg8 20. Kxg2 Rxg5 21. Ne4 Qc6 22. f3 Rd5 23. Qe2 Ne5 24. Rbd1 Nd3 25.
b3 Qg6 26. Nd6+ Rxd6 27. e8=Q+ Rxe8 28. Qxe8+ Rd8 29. Qe3 c3 30. Rxd3 Rxd3 31. Qxc5+ Kd8 32. Re1 Qd6 33. Qa5+ Qb6 34. Qg5+ Kc7 35. Re7+ Rd7 36. Qe5+ Qd6 37. Qa5+ Qb6 38. Qe5+ Kc8 39. Re8+ Rd8 40.
Qf5+ Kb7 41. Qxf7+ Qc7 42. Re7 Rc8 43. Rxc7+ Rxc7 44. Qd5+ Rc6 45. Qd7+ Kb6 46. Qd4+ Kb5 47. Qd3+ Kb6 48.
Qc2 Rd6 49. Kh3 Rd2 50. Qg6+ Kc5 51. Qf5+ Kd4 52. Qe4+ Kc5 53. Qc4+ 1-0

[Event "*** SCC Grand Prix: Titled Tuesday Blitz"]
[Site "Chess.com"]
[Date "2020.09.08"]
[Round "6"]
[White "denispopov"]
[Black "Chessbard1972"]
[Result "1-0"]
[WhiteElo "1959"]
[BlackElo "2344"]
[TimeControl "180+1"]
[EndTime "11:08:31 PDT"]
[Termination "denispopov won on time"]

1. e4 c5 2. Nc3 a6 3. d4 cxd4 4. Qxd4 Nc6 5. Qd2 e6 6. b3 Nf6 7. Bb2 Bb4 8. Bd3 d5 9. exd5 Nxd5 10. a3 Bxc3 11. Bxc3 Nxc3 12. Qxc3 O-O 13. Nf3 Qe7 14. O-O Bd7 15. Rad1 Rac8 16. Qd2 h6 17. Bh7+ Kxh7 18. Qxd7 Rc7 19. Qxe7 Nxe7 20. c4 b5 21. Ne5 f6 22.
Nd7 Re8 23. Nb6 Rb8 24. Nd7 Re8 25. Nb6 Rc6 26. Nd7 bxc4 27. bxc4 Rxc4 28. Rfe1 e5 29. Rd6 Ra4 30. Rxf6 Rd8 31. Rd6 Nf5 32. Nf6+ gxf6 33. Rxd8 Rxa3 34. Rd7+ Kg6 35. Rb7 Nd4 36. h3 a5 37. Rb6 Kf5 38. g4+ Kg5 39. Kg2 a4 40.
Reb1 Ne2 41. Ra6 Nf4+ 42. Kg1 Nxh3+ 43. Kf1 Nf4 44. Ke1 Ra2 45. Rbb6 a3 46. Rxf6 Ra1+ 47. Kd2 Ra2+ 48. Kc3 Rxf2 49. Rxh6 a2 50. Rh1 Kxg4 51. Ra1 Nd5+ 52. Kb3 e4 53. R6xa2 e3 54. Rxf2 exf2 55. Rf1 1-0

[Event "*** SCC Grand Prix: Titled Tuesday Blitz"]
[Site "Chess.com"]
[Date "2020.09.08"]
[Round "6"]
[White "Ave_Mariia"]
[Black "Ginger_GM"]
[Result "1/2-1/2"]
[WhiteElo "2456"]
[BlackElo "2604"]
[TimeControl "180+1"]
[EndTime "11:08:34 PDT"]
[Termination "Game drawn by repetition"]

1. d4 e6 2. c4 f5 3. g3 Nf6 4. Bg2 Be7 5. Nf3 O-O 6. O-O d6 7. Nc3 Ne4 8. Qd3 Nxc3 9. Qxc3 a5 10. b3 Nc6 11. Bb2 Bf6 12. Qd2 e5 13. d5 Nb8 14. a3 g5 15. h3 h5 16. h4 gxh4 17. Qh6 Rf7 18. gxh4 Rh7 19. Qg6+ Rg7 20. Qh6 Bxh4 21.
Kh1 Bg5 22. Nxg5 Qxg5 23. Qxg5 Rxg5 24. Rg1 Kh7 25. Bf3 Rxg1+ 26. Rxg1 Nd7 27. Bxh5 Nf6 28. Bg6+ Kh6 29. Bc1+ f4 30. Bc2 Bg4 31. f3 Bh5 32.
Bd2 b6 33. Be1 Rg8 34. Rxg8 Nxg8 35. Bh4 b5 36. cxb5 Bf7 37. Be4 Kg7 38. Bd8 Nf6 39. Bxc7 Nxd5 40. Bxd6 Kf6 41. Bxd5 Bxd5 42. b6 Ke6 43. Bc7 e4 44. fxe4 Bxe4+ 45. Kg1 f3 46. exf3 Bxf3 47. Kf2 Bd5 48. Ke3 Kd7 49. b4 axb4 50.
a4 Kc8 51. a5 Kb7 52. Kd4 Bf7 53. Bd6 b3 54. Kc3 Ka6 55. Bc7 Bd5 56. Kb2 Be6 57.
Be5 Bd5 58. Bc3 Bc4 59. Ka3 Bd5 60. Kb2 Bc4 61. Ka3 Bd5 62. Kb2 1/2-1/2

[Event "*** SCC Grand Prix: Titled Tuesday Blitz"]
[Site "Chess.com"]
[Date "2020.09.08"]
[Round "6"]
[White "Taron_Shagbazyan"]
[Black "Alexander_Zubov"]
[Result "0-1"]
[WhiteElo "2678"]
[BlackElo "2957"]
[TimeControl "180+1"]
[EndTime "11:08:35 PDT"]
[Termination "Alexander_Zubov won by resignation"]

1. d4 Nf6 2. c4 g6 3. g3 Bg7 4. Bg2 d5 5. cxd5 Nxd5 6. Nf3 Nb6 7.
O-O Nc6 8. e3 e5 9. Nc3 O-O 10.
d5 Na5 11. e4 Nac4 12. Re1 h6 13. a4 a5 14. b3 Nd6 15. Bb2 Re8 16. Rc1 Bd7 17. Nb1 Bg4 18. h3 Bxf3 19. Bxf3 f5 20. Nd2 Qd7 21. Bg2 Re7 22. Ba3 Rf8 23. Nc4 Nbxc4 24.
bxc4 b6 25. c5 bxc5 26. Bxc5 Ref7 27. Bxd6 cxd6 28. f3 h5 29. Rc6 Bh6 30. Qd3 h4 31. g4 Bf4 32. Qa6 Rf6 33. Rb1 R8f7 34. Qc8+ Qxc8 35.
Rxc8+ Kg7 36. Rc6 fxg4 37. fxg4 Be3+ 38. Kh1 Bc5 39. Ra6 Bb4 40. Rc6 Rf2 41. Rcc1 Bc5 42. Rf1 Ra2 43. Rxf7+ Kxf7 44. Bf1 Rxa4 45. g5 Rxe4 46.
Rb7+ Kf8 47. Rb8+ Ke7 48. Rb7+ Kd8 49. Bb5 Re1+ 50. Kg2 e4 51. Rg7 Rg1+ 52. Kh2 Rxg5 53. Rg8+ Kc7 54. Re8 e3 55. Re7+ Kb6 56. Bc6 Bd4 57.
Rb7+ Ka6 58. Rb5 e2 59. Rb1 Rg1 60. Bb5+ Ka7 0-1

[Event "*** SCC Grand Prix: Titled Tuesday Blitz"]
[Site "Chess.com"]
[Date "2020.09.08"]
[Round "6"]
[White "chessfrendz"]
[Black "picturesquecheck"]
[Result "1/2-1/2"]
[WhiteElo "2267"]
[BlackElo "2151"]
[TimeControl "180+1"]
[EndTime "11:08:36 PDT"]
[Termination "Game drawn - insufficient material"]

1. d4 Nf6 2. Nf3 e6 3. Bf4 d5 4. e3 Bd6 5. Bd3 O-O 6. Nbd2 c5 7.
c3 Nc6 8. Bg3 b6 9. Qe2 Bb7 10.
Ne5 Qc7 11. f4 Ne7 12. Bh4 Nd7 13. Bb5 Bxe5 14. Bxe7 Rfe8 15. Bxc5 Bxf4 16. exf4 bxc5 17. dxc5 a6 18. Bxd7 Qxd7 19. Nb3 Qc7 20. O-O a5 21. Qe5 Qc6 22. Qd6 Rec8 23. Qxc6 Rxc6 24. a4 Ba6 25. Rf2 Bc4 26. Nd4 Rxc5 27. Re1 Rb8 28.
f5 Rc7 29. fxe6 fxe6 30. Rxe6 Rcb7 31. Nc6 Rxb2 32. Rxb2 Rxb2 33. Nxa5 Rb1+ 34. Kf2 Rf1+ 35. Kg3 Rc1 36. Nxc4 dxc4 37. Re3 Ra1 38. Kf4 Rxa4 39. Ke5 Kf7 40. Kd4 Kf6 41. Re2 Kf5 42. Kc5 g5 43.
Kb5 Ra1 44. Kxc4 h5 45. Kd4 Rd1+ 46. Kc5 h4 47. h3 Kf4 48. c4 Kg3 49. Kc6 Rg1 50.
c5 g4 51. hxg4 Rxg2 52. Re1 Kxg4 53. Kc7 h3 54. c6 h2 55. Re4+ Kg3 56. Re3+ Kg4 57. Re4+ Kf3 58. Rh4 Kg3 59. Rh7 Rg1 60. Kb8 Rb1+ 61. Kc8 h1=Q 62. Rxh1 Rxh1 63. c7 Kf4 64.
Kb7 Rb1+ 65. Ka7 Rc1 66. Kb7 Rb1+ 67. Ka7 Rc1 68. Kb7 Rxc7+ 69. Kxc7 1/2-1/2

[Event "*** SCC Grand Prix: Titled Tuesday Blitz"]
[Site "Chess.com"]
[Date "2020.09.08"]
[Round "6"]
[White "seorobert1971"]
[Black "RaunakSadhwani2005"]
[Result "1-0"]
[WhiteElo "2695"]
[BlackElo "2853"]
[TimeControl "180+1"]
[EndTime "11:08:37 PDT"]
[Termination "seorobert1971 won by checkmate"]

1. c4 e5 2. Nc3 Nc6 3. Nf3 Nf6 4. g3 Bb4 5. Bg2 O-O 6. O-O Bxc3 7. bxc3 e4 8. Ng5 d5 9. cxd5 Qxd5 10. d3 Qe5 11. Nxe4 Nxe4 12. Bxe4 Bh3 13. Re1 Qxc3 14. Rb1 Rab8 15. Bd2 Qf6 16. Bf4 Qe7 17. Qc2 Rfe8 18.
Be3 Ne5 19. Bxa7 Rbd8 20. Rxb7 Rd7 21. Bc5 Qf6 22. Be3 Qe7 23. Rc1 f5 24. Bh1 Ng4 25. Qd2 Rf8 26. Bc5 Rd6 27. Bxd6 Qxd6 28. Rbxc7 Qd4 29.
e3 Qf6 30. d4 Qh6 31. R7c6 Qh5 32. Bf3 Qg5 33. R6c5 h5 34. a4 h4 35. a5 Nf6 36. a6 Bg4 37. Bg2 h3 38. Bh1 Qg6 39. Rc6 Qf7 40. Rc7 Qe6 41. R1c6 Qb3 42. Rc1 Ne4 43.
Qc2 Qa3 44. a7 Ng5 45. a8=Q Rxa8 46. Bxa8 Kh7 47. Bh1 Qd6 48. Rc5 Qf6 49. e4 Kh6 50. Rc6 Ne6 51. d5 Qd4 52. Rxe6+ g6 53. Qc3 Qa4 54. Qh8+ Kg5 55. Qh4# 1-0

[Event "*** SCC Grand Prix: Titled Tuesday Blitz"]
[Site "Chess.com"]
[Date "2020.09.08"]
[Round "6"]
[White "LawrenceTrent"]
[Black "Kazan28"]
[Result "0-1"]
[WhiteElo "2522"]
[BlackElo "2269"]
[TimeControl "180+1"]
[EndTime "11:08:39 PDT"]
[Termination "Kazan28 won by checkmate"]

1. d4 Nf6 2. Nc3 g6 3. e4 d6 4. Bg5 c6 5. Qd2 b5 6. f3 Nbd7 7. h4 h6 8. Be3 b4 9. Nce2 a5 10. g4 e5 11. O-O-O Qc7 12. dxe5 dxe5 13. Ng3 Bc5 14.
Bc4 Bxe3 15. Qxe3 Nb6 16. Bd3 Be6 17. Kb1 O-O-O 18. N1e2 c5 19. Ba6+ Kb8 20. Nc1 c4 21. g5 hxg5 22. hxg5 Rxh1 23. Rxh1 Nfd7 24. b3 Qc5 25. Qxc5 Nxc5 26. Bb5 Rd2 27. Nge2 a4 28. a3 axb3 29. cxb3 Nxb3 30. Nxb3 cxb3 31. axb4 Bc4 32. Nc3 Rc2 33. Rc1 Rxc3 34. Rxc3 Bxb5 35. Rxb3 Kc7 36. f4 exf4 37. Rf3 Nd7 38. Rxf4 Ne5 39. Rh4 Kd6 40.
Rh8 Bd3+ 41. Kb2 Bxe4 42. Kc3 Ke6 43. b5 Kf5 44. b6 Kxg5 45. Re8 Kf4 46. Kd4 f6 47. Re6 Kf5 48. Rd6 g5 49. Kc3 g4 50.
Rd8 g3 51. Rd1 g2 52. Kd4 Kf4 53. Kc5 Ke3 54. Re1+ Kf2 55. Rxe4 g1=Q 56. b7 Kf3+ 57. Rd4 Qb1 58. Rb4 Qc2+ 59. Kd6 Qd3+ 60. Ke7 Qd7+ 61.
Kxf6 Qf7+ 62. Kxe5 Qe7+ 63. Kd5 Qxb4 64. Kc6 Ke4 65. Kc7 Qc5+ 66. Kb8 Kd5 67. Ka8 Qa5+ 68. Kb8 Kc6 69. Kc8 Qc7# 0-1

[Event "*** SCC Grand Prix: Titled Tuesday Blitz"]
[Site "Chess.com"]
[Date "2020.09.08"]
[Round "6"]
[White "Ural_bogatyr"]
[Black "poummba"]
[Result "0-1"]
[WhiteElo "2345"]
[BlackElo "2532"]
[TimeControl "180+1"]
[EndTime "11:08:40 PDT"]
[Termination "poummba won on time"]

1. e4 e5 2. Nf3 Nf6 3. Nxe5 d6 4. Nf3 Nxe4 5. c4 Be7 6. d4 O-O 7. Bd3 d5 8. O-O Nf6 9. c5 Bg4 10. h3 Bh5 11. b4 a5 12. b5 Ne4 13. Nbd2 Nxd2 14. Bxd2 Bf6 15. Be3 Nd7 16. Re1 Re8 17.
a4 b6 18. c6 Nf8 19. Ra3 Ne6 20. Be2 Bxf3 21. Bxf3 Nxd4 22. Bxd4 Rxe1+ 23. Qxe1 Bxd4 24. Rd3 Qf6 25. Qd1 Be5 26. Rxd5 Bd6 27. Rd3 Re8 28. Bd5 Qe5 29. g3 Qe1+ 30. Kg2 Qxd1 31. Rxd1 Re2 32. Rd3 g6 33. Rf3 Re7 34. Bb3 Kg7 35. Kf1 f5 36. Rd3 Kf6 37. Bd5 Re8 38. f4 h6 39. Kf2 g5 40. Kf3 gxf4 41. gxf4 Re7 42.
Bb3 Re8 43. Rd5 Re4 44. Bc2 Rxf4+ 45. Ke2 Ke6 46. Rd3 Rb4 47. Re3+ Kf6 48. Rf3 f4 49. Rd3 Rb2 50. Kd1 Ke5 51. Rd2 Rb4 52. Re2+ Kf6 53. Rd2 Ke5 54. Re2+ Kf6 0-1

[Event "*** SCC Grand Prix: Titled Tuesday Blitz"]
[Site "Chess.com"]
[Date "2020.09.08"]
[Round "6"]
[White "chenxiaoyuer"]
[Black "Mazetovic"]
[Result "0-1"]
[WhiteElo "2466"]
[BlackElo "2640"]
[TimeControl "180+1"]
[EndTime "11:08:42 PDT"]
[Termination "Mazetovic won by checkmate"]

1. e4 c5 2. Nf3 Nc6 3. d4 cxd4 4. Nxd4 g6 5. Nc3 Bg7 6. Nb3 Nf6 7. Be2 O-O 8. O-O d6 9. Bg5 a6 10. a4 Be6 11. Kh1 Nd7 12. f4 Bxb3 13. cxb3 Nc5 14.
Bc4 h6 15. Bh4 Kh8 16. Re1 Rc8 17. Bf2 Nb4 18. Nd5 Nxd5 19. exd5 Bxb2 20. Ra2 Bf6 21. Rae2 Nxa4 22. Bd4 Nb6 23. Rxe7 Bxd4 24. Qxd4+ Kg8 25. Rxb7 Nxc4 26. bxc4 Re8 27. Rxe8+ Qxe8 28. h3 a5 29. Qf6 Rxc4 30. Qxd6 Rc8 31. Ra7 Ra8 32. Rxa8 Qxa8 33. Qc6 Qd8 34. d6 Kf8 35. Qc7 Ke8 36. Qc6+ Qd7 37.
Qa8+ Qd8 38. Qe4+ Kf8 39. Qc6 h5 40. g3 a4 41. Qxa4 Qxd6 42. Qe4 Qd2 43. Qg2 Qe1+ 44. Qg1 Qe2 45. Qg2 Qe3 46. Kh2 h4 47. gxh4 Qxf4+ 48. Qg3 Qxg3+ 49. Kxg3 Kg7 50. Kf4 Kh6 51. Kg4 f6 52.
Kf3 Kh5 53. Kg3 f5 54. Kh2 Kxh4 55. Kg2 g5 56. Kh2 f4 57. Kg2 f3+ 58. Kxf3 Kxh3 59. Kf2 g4 60. Kg1 Kg3 61. Kh1 Kf2 62. Kh2 g3+ 63. Kh3 g2 64. Kh4 g1=Q 65. Kh5 Kf3 66. Kh6 Kf4 67. Kh5 Qg5# 0-1

[Event "*** SCC Grand Prix: Titled Tuesday Blitz"]
[Site "Chess.com"]
[Date "2020.09.08"]
[Round "6"]
[White "crossingthestreet"]
[Black "13MiRacLe"]
[Result "0-1"]
[WhiteElo "2438"]
[BlackElo "2601"]
[TimeControl "180+1"]
[EndTime "11:08:42 PDT"]
[Termination "13MiRacLe won by checkmate"]

1. c4 g6 2. d4 Nf6 3. Nc3 d5 4. Nf3 Bg7 5. Qb3 dxc4 6. Qxc4 O-O 7. e4 a6 8. Be2 b5 9. Qb3 c5 10. dxc5 Nbd7 11. Be3 Ng4 12. Bg5 h6 13. Bh4 g5 14.
Bg3 Nxc5 15. Qc2 Be6 16. Rd1 Qa5 17. O-O Rac8 18. Nd5 Bxd5 19. exd5 Qxa2 20. Nxg5 Nf6 21. Nf3 Nce4 22. Qd3 Nxg3 23. fxg3 Qxb2 24. Nh4 Rc3 25. Qd4 Rc2 26. Qxb2 Rxb2 27. Bf3 e6 28. dxe6 fxe6 29. Rd6 a5 30. Rxe6 Ng4 31. h3 Bd4+ 32. Kh1 Ne3 33.
Re1 Nf5 34. Nxf5 Rxf5 35. Rxh6 Re5 36. Rd1 Rb4 37. Rd6 Bf2 38. Rc6 Rd4 39. Rxd4 Bxd4 40. Kh2 Re1 41. g4 Be5+ 42. g3 b4 43. Rc5 Bc3 44.
Rxa5 b3 45. Rb5 b2 46. Bd5+ Kg7 47. Ba2 Ra1 48. Rb7+ Kf6 49. g5+ Kxg5 50. h4+ Kf6 51. Rb6+ Ke5 52. Rb5+ Kd4 53. Bb1 Rxb1 54. h5 Ra1 55. h6 b1=Q 56. Rb2 Qxb2+ 57. Kh3 Rh1+ 58. Kg4 Rxh6 59. Kf3 Qc2 60. g4 Qd3+ 61. Kg2 Qh3+ 62. Kf2 Rf6+ 63. Ke2 Qf1# 0-1

[Event "*** SCC Grand Prix: Titled Tuesday Blitz"]
[Site "Chess.com"]
[Date "2020.09.08"]
[Round "6"]
[White "Rozum_Ivan"]
[Black "AnishOnYoutube"]
[Result "1/2-1/2"]
[WhiteElo "2719"]
[BlackElo "2938"]
[TimeControl "180+1"]
[EndTime "11:08:43 PDT"]
[Termination "Game drawn by repetition"]

1. Nf3 c5 2. e3 Nf6 3. d4 g6 4. Bd3 Bg7 5. O-O O-O 6. Nbd2 d6 7. c3 b6 8. e4 cxd4 9. cxd4 Nc6 10. a3 Nh5 11.
Nb3 Bg4 12. Be2 Nf6 13. h3 Bd7 14. Bd3 e5 15. Re1 Re8 16. Bd2 exd4 17. Nbxd4 Ne5 18. Ba6 Bc8 19. Bb5 Bd7 20. Bf1 d5 21. exd5 Nxd5 22. Qb3 Nxf3+ 23. Nxf3 Nc7 24. Ng5 Ne6 25. h4 h6 26. Nf3 Bc6 27. Rad1 Bxf3 28. Qxf3 Qxh4 29. g3 Qf6 30. Qxf6 Bxf6 31. Bxh6 Bxb2 32. a4 Bg7 33. Be3 Rad8 34. Bb5 Rxd1 35. Rxd1 Rd8 36. Rc1 Bd4 37. Bxd4 Nxd4 38. Rc7 Nxb5 39. axb5 Rd5 40. Rxa7 Rxb5 41. Rb7 Kg7 42. Kg2 Kf6 43. f4 Ke6 44. g4 Rb3 45.
Kf2 Kf6 46. Kg2 Ke6 47. Kf2 Rb4 48. Kf3 Rb5 49. Rb8 f6 50. Rg8 g5 51. f5+ Kf7 52.
Rb8 Rb4 53. Rb7+ Ke8 54. Rc7 Rf4+ 55. Kg3 b5 56. Rc6 Ke7 57. Rc7+ Kd6 58. Rf7 Ke5 59.
Re7+ Kd5 60. Rd7+ Ke5 61. Re7+ Kd5 62. Rd7+ Ke5 63. Re7+ 1/2-1/2